 Dungeon Crawl Stone Soup version 0.21.1-1-g345015f (webtiles) character file.

9 tidbits the Charmwright (level 2, 3/26 HPs)
             Began as a Gnoll Skald on June 18, 2018.
             Quit the game on level 2 of the Dungeon.
             The game lasted 00:00:47 (61 turns).

tidbits the Charmwright (Gnoll Skald)                 Turns: 61, Time: 00:00:48

Health: 3/26       AC:  3    Str: 13    XL:     2   Next: 12%
Magic:  1/7        EV: 14    Int: 15    God:
Gold:   0          SH:  0    Dex: 14    Spells: 9/10 levels left

rFire    . . .     SeeInvis .   a - +0 hand axe
rCold    . . .     Gourm    .   (no shield)
rNeg     . . .     Faith    .   b - +0 leather armour
rPois    .         Spirit   .   (no helmet)
rElec    .         Reflect  .   (no cloak)
rCorr    .         Harm     .   (no gloves)
MR       .....                  (no boots)
Stlth    +.........             (no amulet)
HPRegen  0.08/turn              (no ring)
MPRegen  0.10/turn              (no ring)

@: lethally poisoned (3 -> -1), infused (expiring)
A: distributed training, fangs 1, strong nose
a: no special abilities


You were on level 2 of the Dungeon.
You were not hungry.

You visited 1 branch of the dungeon, and saw 2 of its levels.

Inventory:

Hand Weapons
 a - a +0 hand axe (weapon)
Missiles
 e - 21 sling bullets
Armour
 b - a +0 leather armour (worn)
Scrolls
 f - a scroll of amnesia {unknown}
 g - a scroll of identify {unknown}
Books
 c - a book of Battle

   Spells                             Type                      Level
   a - Infusion                       Charms                       1
   b - Shroud of Golubria             Charms/Translocation         2
   c - Song of Slaying                Charms                       2
   d - Spectral Weapon                Hexes/Charms                 3
   e - Regeneration                   Charms/Necromancy            3
Comestibles
 d - a ration


   Skills:
 + Level 4.4 Fighting
 + Level 0.2 Short Blades
 + Level 0.2 Long Blades
 + Level 4.4 Axes
 + Level 0.2 Maces & Flails
 + Level 0.2 Polearms
 + Level 0.2 Staves
 + Level 0.2 Slings
 + Level 0.2 Bows
 + Level 0.2 Crossbows
 + Level 0.2 Throwing
 + Level 2.4 Armour
 + Level 4.4 Dodging
 + Level 0.2 Stealth
 + Level 0.2 Shields
 + Level 0.2 Unarmed Combat
 + Level 4.9 Spellcasting
 + Level 0.1 Conjurations
 + Level 0.1 Hexes
 + Level 5.3 Charms
 + Level 0.1 Summonings
 + Level 0.1 Necromancy
 + Level 0.1 Translocations
 + Level 0.1 Transmutations
 + Level 0.1 Fire Magic
 + Level 0.1 Ice Magic
 + Level 0.1 Air Magic
 + Level 0.1 Earth Magic
 + Level 0.1 Poison Magic
 + Level 0.3 Invocations
 + Level 0.2 Evocations


You had 9 spell levels left.
You knew the following spells:

 Your Spells              Type           Power        Failure   Level  Hunger
i - Infusion              Chrm           ###.         2%          1    None


Dungeon Overview and Level Annotations

Branches:
Dungeon (2/15)

Altars:


Innate Abilities, Weirdness & Mutations

Your experience applies equally to all skills.
You have very sharp teeth.
Your uncanny sense of smell can sniff out nearby items.


Message History

Casting: Infusion
Confirm with . or Enter, or press ? or * to list all spells.
You begin infusing your attacks with magical energy.
The dart slug launches a dart at you. The slug dart hits you!
The dart slug launches a dart at you. The slug dart hits you!
The dart slug launches a dart at you. The slug dart hits you!
* * * LOW HITPOINT WARNING * * *
Found 21 sling bullets.
The dart slug barely misses you.
You hit the dart slug!
You kill the dart slug!
You see here 21 sling bullets.
e - 21 sling bullets
Found an escape hatch in the floor.
A hobgoblin comes into view.
The hobgoblin shouts!
A goblin comes into view.
The goblin shouts!
You barely miss the hobgoblin. The hobgoblin hits you.
* * * LOW HITPOINT WARNING * * *
You closely miss the hobgoblin. The hobgoblin barely misses you.
You closely miss the hobgoblin.
Your magical infusion is running out.
The hobgoblin misses you.
You hit the hobgoblin.
The hobgoblin is heavily wounded.
You barely miss the goblin. The goblin hits you.
* * * LOW HITPOINT WARNING * * *
The hobgoblin misses you.
You barely miss the hobgoblin.
You bite the hobgoblin, but do no damage.
The hobgoblin is heavily wounded.
You completely miss the goblin. The goblin closely misses you.
The hobgoblin hits you.
* * * LOW HITPOINT WARNING * * *
You hit the hobgoblin.
You kill the hobgoblin!
You barely miss the goblin. The goblin misses you.
You closely miss the goblin. The goblin misses you.
The goblin closely misses you.
You closely miss the goblin. The goblin hits you.
* * * LOW HITPOINT WARNING * * *
You barely miss the goblin.
You are no longer magically infusing your attacks.
The goblin barely misses you.
You hit the goblin.
The goblin is heavily wounded.
The goblin hits you.
* * * LOW HITPOINT WARNING * * *
A bat comes into view.
You closely miss the goblin.
The goblin is heavily wounded.
The goblin misses you.
Casting: Infusion
Confirm with . or Enter, or press ? or * to list all spells.
You begin infusing your attacks with magical energy.
The goblin barely misses you.
You closely miss the goblin.
The goblin is heavily wounded.
The goblin misses you.
You completely miss the goblin.
The goblin is heavily wounded.
The bat closely misses you. The goblin misses you.
You slash the bat!
You kill the bat!
You hit the goblin.
You kill the goblin!
You have reached level 2!
There is an escape hatch in the floor here.
You slide downwards.
The hatch slams shut behind you.
A rat and a hobgoblin come into view.
The hobgoblin shouts!
Found five items.
Found a metallic ruby potion.
You hit the hobgoblin!
You kill the hobgoblin!
You hit the rat.
You kill the rat!
You see here a scroll labeled SEURAF DAQAQA.
f - a scroll labeled SEURAF DAQAQA An adder comes into view.
Unknown command.
The adder hisses angrily.
You see here a scroll labeled HEOCLA ZIKHLASA.
g - a scroll labeled HEOCLA ZIKHLASA A frilled lizard comes into view.
Your magical infusion is running out.
You hit the adder.
The adder is heavily wounded.
The adder misses you. The adder bites you.
* * * LOW HITPOINT WARNING * * *
You are lethally poisoned!
The adder poisons you!
You aren't carrying any potions.
Unknown command.
Okay, then.
Are you sure you want to abandon this character and quit the game? (Confirm with "yes".)

..l ∆ .. ..###
#... ..#
####.#####..#
#...........#
#.S....####.##
#%@.....[.....
#.........#. ∆
#........##!##.
#.........†......
#.#######.....###
#. #.....# #
#.....# #.....#
#..=..#


You could see an adder.

Vanquished Creatures
  A dart slug (D:1)
  A bat (D:1)
  A goblin (D:1)
  2 hobgoblins
  A rat (D:2)
6 creatures vanquished.

Notes
Turn   | Place    | Note
-------+----------+-------------------------------------------
     0 | D:1      | tidbits the Gnoll Skald began the quest for the Orb.
     0 | D:1      | Reached XP level 1. HP: 20/20 MP: 6/6
    38 | D:1      | HP: 2/20 [goblin (1)]
    43 | D:1      | Reached XP level 2. HP: 3/26 MP: 2/7
    61 | D:2      | Quit the game

Action                   || total
-------------------------++-------
Melee: Hand axe          ||    17
       Bite              ||     1
 Cast: Infusion          ||     2
Dodge: Dodged            ||    15

Table legend:
 A = Turns spent in this place as a percentage of turns spent in the entire game.
 B = Non-inter-level travel turns spent in this place as a percentage of non-inter-level travel turns spent in the entire game.
 C = Inter-level travel turns spent in this place as a percentage of turns spent in this place.
 D = Turns resting spent in this place as a percentage of non-inter-level travel turns spent in this place.
 E = Turns spent auto-exploring this place as a percentage of non-inter-level travel turns spent in this place.
 F = Non-inter-level travel turns spent in this place divided by the number of levels of this place that you've seen.
                   A       B       C       D       E      F
               +-------+-------+-------+-------+-------+----------------------
         Total | 100.0 | 100.0 |   0.0 |   0.0 |   0.0 |  30.5
       Dungeon | 100.0 | 100.0 |   0.0 |   0.0 |   0.0 |  30.5
               +-------+-------+-------+-------+-------+----------------------

Table legend:
 A = Kills in this place as a percentage of kills in entire the game.
 B = Kills by you in this place as a percentage of kills by you in the entire game.
 C = Kills by friends in this place as a percentage of kills by friends in the entire game.
 D = Other kills in this place as a percentage of other kills in the entire game.
 E = Experience gained in this place as a percentage of experience gained in the entire game.
 F = Experience gained in this place divided by the number of levels of this place that you have seen.
                   A       B       C       D       E      F
               +-------+-------+-------+-------+-------+----------------------
         Total | 100.0 | 100.0 |   N/A |   N/A | 100.0 |   6.5
       Dungeon | 100.0 | 100.0 |   N/A |   N/A | 100.0 |   6.5
               +-------+-------+-------+-------+-------+----------------------

Vault maps used:
D:1:      dpeg_arrival_round_c
D:2:      minmay_tromino_v7
